 Dungeon Crawl Stone Soup version 0.32-a0-791-gfc315c9ecd (webtiles) character file.

Game seed: 588670630054577055

286 backslashecho the Digger (level 6, -1/36 HPs)
             Began as an Octopode Earth Elementalist on Mar 21, 2024.
             Slain by a scorpion (6 damage)
             ... on level 4 of the Dungeon.
             The game lasted 00:06:13 (3149 turns).

backslashecho the Digger (OpEE)                     Turns: 3149, Time: 00:06:13

Health: -1/36      AC:  1    Str:  7    XL:     6   Next: 30%
Magic:  2/12       EV: 12    Int: 20    God:
Gold:   136        SH:  0    Dex: 12    Spells: 6/13 levels left

rFire   . . .        c - +0 dagger
rCold   . . .        (no shield)
rNeg    + . .        (helmet restricted)
rPois   .            (no amulet)
rElec   .            n - ring of positive energy
rCorr   .            (no ring)
SInv    .            (no ring)
Will    .....        (no ring)
Stlth   +++          (no ring)
HPRegen 0.26/turn    (no ring)
MPRegen 0.13/turn    (no ring)
                     (no ring)

%: no passive effects
@: lethally poisoned (-1 -> -6), hasted, very quick
A: almost no armour, amphibious, 8 rings, camouflage 1, gelatinous body 1,
(nimble swimmer 1), tentacles
a: no special abilities


You were on level 4 of the Dungeon.
You visited 1 branch of the dungeon, and saw 4 of its levels.

You collected 136 gold pieces.

Inventory:

Hand Weapons
 c - a +0 dagger (weapon)
Jewellery
 n - a ring of positive energy (left tentacle)
Scrolls
 b - a scroll of immolation {unknown}
 d - a scroll of enchant armour
 e - a scroll of butterflies {unknown}
 f - a scroll of revelation {unknown}
 h - 2 scrolls of blinking
 i - a scroll of enchant weapon {unknown}
 j - a scroll of fog {unknown}
 k - a scroll of poison {unknown}
 l - a scroll of torment {unknown}
Potions
 a - a potion of magic
 g - a potion of might
 m - 2 potions of enlightenment
 o - a potion of berserk rage


   Skills:
 - Level 2.0 Dodging
 - Level 2.6 Stealth
 * Level 4.3 Spellcasting
 + Level 3.0 Conjurations
 + Level 4.3 Earth Magic


You had 6 spell levels left.
You knew the following spells:

 Your Spells              Type           Power      Damage    Failure   Level
a - Sandblast             Erth           42%        2d11      1%          1
b - Passwall              Erth           21%        N/A       6%          3
c - Stone Arrow           Conj/Erth      38%        3d9       9%          3

Your spell library contained the following spells:

 Spells                   Type           Power      Damage    Failure   Level
 Mercury Vapours          Alch/Air       8%         N/A       19%         2
 Mephitic Cloud           Conj/Alch/Air  8%         N/A       24%         3
 Brom's Barrelling Bould  Conj/Erth      19%        2d4       26%         4
 Tukima's Dance           Hex            4%         N/A       36%         3
 Volatile Blastmotes      Fire/Tloc      8%         2d10      36%         3
 Petrify                  Alch/Erth      13%        N/A       45%         4
 Passage of Golubria      Tloc           4%         N/A       77%         4
 Freezing Cloud           Conj/Ice/Air   4%         6-21      92%         5
 Yara's Violent Unravell  Hex/Alch       2%         3d3       98%         5
 Bombard                  Conj/Erth      9%         9d2       99%         6
 Lehudib's Crystal Spear  Conj/Erth      9%         10d4      100%        8
 Animate Armour           Summ/Erth      Unusable   N/A       N/A         4

Dungeon Overview and Level Annotations

Branches:
Dungeon (4/15)
 Temple: D:4-7

Altars:
Kikubaaqudgha
Wu Jian


Innate Abilities, Weirdness & Mutations

You cannot wear most types of armour.
You are amphibious.
You can wear up to eight rings at the same time.
Your skin changes colour to match your surroundings (Stealth+).
Your rubbery body absorbs attacks. (AC +1, EV +1)
((You are camouflaged when in or above water. (Stealth+)))
You have tentacles for arms and can constrict up to eight enemies at once.


Message History

You can't see any susceptible monsters within range! (Use Z to cast anyway.)
Casting: Sandblast (safe; 1% risk of failure)
Confirm with . or Enter, or press ? or * to list all spells.
You can't see any susceptible monsters within range! (Use Z to cast anyway.)
Casting: Sandblast (safe; 1% risk of failure)
Confirm with . or Enter, or press ? or * to list all spells.
Okay, then.
Casting: Sandblast (safe; 1% risk of failure)
Confirm with . or Enter, or press ? or * to list all spells.
Aiming: Sandblast (safe; 1% risk of failure)
Press: ? - help, Shift-Dir - straight line, f - scorpion
Aim: a scorpion (wandering, hasn't noticed you, 83% to hit)
The blast of sand hits the scorpion!
The scorpion is severely wounded.
You now have 11/12 mp.
Casting: Sandblast (safe; 1% risk of failure)
Confirm with . or Enter, or press ? or * to list all spells.
Aiming: Sandblast (safe; 1% risk of failure)
Press: ? - help, Shift-Dir - straight line, f/p - scorpion
Aim: a scorpion (severely wounded, 83% to hit)
The blast of sand hits the scorpion but does no damage.
The scorpion is severely wounded.
The scorpion barely misses you.
You now have 10/12 mp.
Casting: Sandblast (safe; 1% risk of failure)
Confirm with . or Enter, or press ? or * to list all spells.
Aiming: Sandblast (safe; 1% risk of failure)
Press: ? - help, Shift-Dir - straight line, f/p - scorpion
Aim: a scorpion (severely wounded, 83% to hit)
The blast of sand hits the scorpion but does no damage.
The scorpion is severely wounded.
The scorpion stings you.
You are poisoned.
The scorpion poisons you! The scorpion barely misses you.
You take 6 damage, and have 30/36 hp.
You now have 9/12 mp.
Casting: Sandblast (safe; 1% risk of failure)
Confirm with . or Enter, or press ? or * to list all spells.
Aiming: Sandblast (safe; 1% risk of failure)
Press: ? - help, Shift-Dir - straight line, f/p - scorpion
Aim: a scorpion (severely wounded, 83% to hit)
The blast of sand misses the scorpion.
You feel very sick. The scorpion closely misses you.
The scorpion completely misses you.
You take 2 damage, and have 28/36 hp.
You now have 8/12 mp.
Casting: Sandblast (safe; 1% risk of failure)
Confirm with . or Enter, or press ? or * to list all spells.
Aiming: Sandblast (safe; 1% risk of failure)
Press: ? - help, Shift-Dir - straight line, f/p - scorpion
Aim: a scorpion (severely wounded, 83% to hit)
The blast of sand hits the scorpion but does no damage.
The scorpion is severely wounded.
You feel sick. The scorpion stings you.
You take 6 damage, and have 22/36 hp.
Casting: Sandblast (safe; 1% risk of failure)
Confirm with . or Enter, or press ? or * to list all spells.
Aiming: Sandblast (safe; 1% risk of failure)
Press: ? - help, Shift-Dir - straight line, f/p - scorpion
Aim: a scorpion (severely wounded, 83% to hit)
The blast of sand hits the scorpion.
The scorpion is severely wounded.
You feel sick.
The scorpion stings you but does no damage.
The scorpion stings you.
You take 5 damage, and have 17/36 hp.
You now have 7/12 mp.
Casting: Sandblast (safe; 1% risk of failure)
Confirm with . or Enter, or press ? or * to list all spells.
Aiming: Sandblast (safe; 1% risk of failure)
Press: ? - help, Shift-Dir - straight line, f/p - scorpion
Aim: a scorpion (severely wounded, 83% to hit)
The blast of sand misses the scorpion.
You feel sick. The scorpion barely misses you. The scorpion closely misses you.
You take 2 damage, and have 15/36 hp.
You now have 6/12 mp.
Casting: Sandblast (safe; 1% risk of failure)
Confirm with . or Enter, or press ? or * to list all spells.
Aiming: Stone Arrow (dangerous; 9% risk of failure)
Press: ? - help, Shift-Dir - straight line, f/p - scorpion
Aim: a scorpion (severely wounded, 68% to hit)
The stone arrow misses the scorpion.
You feel sick.
You are no longer poisoned.
The scorpion stings you.
* * * LOW HITPOINT WARNING * * *
You are lethally poisoned!
The scorpion poisons you!
You take 7 damage, and have 8/36 hp.
You now have 3/12 mp.
It was a potion of haste.
You feel yourself speed up.
* * * LOW HITPOINT WARNING * * *
You feel sick. The scorpion closely misses you.
You take 2 damage, and have 6/36 hp.
Okay, then.
Unknown command.
Casting: Stone Arrow (dangerous; 9% risk of failure)
Confirm with . or Enter, or press ? or * to list all spells.
Aiming: Sandblast (safe; 1% risk of failure)
Press: ? - help, Shift-Dir - straight line, f/p - scorpion
Aim: a scorpion (severely wounded, 83% to hit)
The blast of sand hits the scorpion but does no damage.
The scorpion is severely wounded.
* * * LOW HITPOINT WARNING * * *
You feel sick. The scorpion misses you. The scorpion stings you.
You die...

.#..## .. .o. #.#
## . . ##.
..##...# .#
..#..###..#... ...
......#...... #.
..# #.?.......#
... .#
#.........#.....
.#.........#..#
......#..s....####
.#..###.@#......
##....[##....# #
.#......)#.#.##.#
..................
...#.....#÷......#
.. ##...##÷#..##.#
. .#.....#<......#
.........#.>.###
.#.......#....#


You could see a scorpion.

Vanquished Creatures
  A phantom (D:3)
  An orc priest (D:3)
  An iguana (D:4)
  An orc wizard (D:3)
  2 gnolls
  3 adders
  A ribbon worm (D:2)
  10 orcs
  4 ball pythons
  6 endoplasms
  3 giant cockroaches
  5 goblins
  3 hobgoblins
  4 jackals (D:4)
  A quokka (D:2)
  6 bats
  2 frilled lizards
  10 kobolds
  12 rats
76 creatures vanquished.

Notes
Turn   | Place    | Note
-------+----------+-------------------------------------------
     0 | D:1      | backslashecho the Octopode Earth Elementalist began the
                  | quest for the Orb.
     0 | D:1      | Reached XP level 1. HP: 11/11 MP: 3/3
   183 | D:1      | Reached XP level 2. HP: 15/17 MP: 0/5
   742 | D:2      | Reached XP level 3. HP: 21/21 MP: 3/6
   772 | D:2      | Found an ancient bone altar of Kikubaaqudgha.
  1350 | D:2      | Found a faded altar of an unknown god.
  1736 | D:3      | Reached XP level 4. HP: 27/27 MP: 6/8
  1927 | D:3      | Noticed a phantom
  2015 | D:3      | Learned a level 3 spell: Passwall
  2019 | D:3      | Learned a level 3 spell: Stone Arrow
  2204 | D:3      | Reached XP level 5. HP: 25/31 MP: 5/10
  2430 | D:3      | Found an ornate altar of the Wu Jian Council.
  2491 | D:3      | Killed a phantom
  2929 | D:4      | Reached XP level 6. HP: 9/36 MP: 6/12
  3149 | D:4      | Slain by a scorpion

Illustrated notes

Levels and vault maps discovered:
D:1:      denvon_arrival_planthouse, layout_basic, minmay_misc_feat_doors
D:2:      minmay_chambers_of_twos, layout_basic, basic_altar,
          shapermc_ecumenical_altar_ellora
D:3:      minmay_evil_eye, layout_loops_ring, pdpol_wu_jian_five_deadly_venoms,
          eino_curves_04
D:4:      nicolae_cairo_tiling_large_dashed, layout_basic

Skill      XL: |  1  2  3  4  5  6 |
---------------+-------------------+-----
Conjurations   | 2 3 |  3.0
Spellcasting   | 3 4 |  4.3
Earth Magic    | 4 |  4.3
Dodging        | |  2.0
Stealth        | |  2.6

Action                     |  1- 3 |  4- 6 || total
---------------------------+-------+-------++-------
  Melee: Dagger            |     5 |     2 ||     7
         Constrict         |     3 |       ||     3
         Tentacles         |     1 |       ||     1
   Cast: Sandblast         |    62 |    70 ||   132
         Stone Arrow       |       |     1 ||     1
    Use: Scroll            |       |     5 ||     5
         Potion            |       |     1 ||     1
 Armour: Skin              |    12 |    24 ||    36
  Dodge: Dodged            |    23 |    34 ||    57

Table legend: (Time is in decaauts)
 A = Elapsed time spent in this place.
 B = Non-inter-level travel time spent in this place.
 C = Inter-level travel time spent in this place.
 D = Time resting spent in this place.
 E = Time spent auto-exploring this place.
 F = Levels seen in this place.
 G = Mean time per level.
                   A        B        C        D        E       F      G
               +--------+--------+--------+--------+--------+-----+--------+
         Total |   3215 |   2968 |    247 |    170 |   2229 |   4 |  803.8 |
       Dungeon |   3215 |   2968 |    247 |    170 |   2229 |   4 |  803.8 |
               +--------+--------+--------+--------+--------+-----+--------+

Top non-repeatable levels by time:
     D:3: 1436 daAuts
     D:2: 905 daAuts
     D:1: 732 daAuts
     D:4: 141 daAuts
